Map: Ulrena

Players

Frozzen

  • Race: Zerg Zerg
  • League: Diamond

Zalot - Winner!

  • Race: Protoss Protoss
  • League: Gold

VOD

Have the link to the VOD?

Description

Time

  • Played on: Nov. 20, 2015, noon
  • Length: 3:28
Show
View Real Time Build Order
Export as new Build Order

Frozzen Zerg 

Build Orders: Pool First 

Get SALT Encoding   

  12  0:01  Drone  
  13  0:08  Drone  
  14  0:18  Drone, Extractor  
  14  0:32  Spawning Pool  
  13  0:43  Drone  
  13  0:48  Drone, Extractor  
  15  0:52  Overlord  
  15  1:20  Metabolic Boost  
  15  1:21  Zergling x2, Queen  
  15  1:24  Zergling x2  
  19  1:27  Zergling x2  
  20  1:33  Zergling x2  
  21  1:43  Zergling x2  
  22  2:03  Overlord  
  22  2:05  Hatchery  
  21  2:12  Zergling x2  
  19  2:33  Zergling x2  
  19  2:34  Zergling x8  
Show
View Real Time Build Order
Export as new Build Order

Zalot Protoss - Winner!

Build Orders:  

Get SALT Encoding   

  12  0:03  Probe (Chrono Boost)  
  13  0:13  Probe (Chrono Boost)  
  14  0:25  Probe (Chrono Boost)  
  14  0:26  Pylon  
  15  0:45  Probe (Chrono Boost), Gateway  
  16  0:50  Pylon  
  16  0:55  Probe (Chrono Boost)  
  17  0:58  Assimilator  
  17  1:04  Assimilator  
  17  1:07  Probe (Chrono Boost)  
  18  1:17  Probe (Chrono Boost)  
  19  1:32  Cybernetics Core  
  19  1:34  Zealot (Chrono Boost)  
  21  2:07  Forge  
  21  2:12  Adept (Chrono Boost)  
  21  2:49  Mothership Core  
Tags
 
Matchup
PvZ
Opening
Pool First
Replay Pack
21-11-15
Add a new tag
Caveats
  • Supply blocks, unpowered buildings, or Contaminate may cause inaccurate times.
  • Supply counts are checked every 10 seconds.